 Dungeon Crawl Stone Soup version 0.31-a0-150-g89dc3ad700 (webtiles) character file.

Game seed: 5180975600590024970

981 qw the Skirmisher (level 7, -3/63 HPs)
             Began as a Minotaur Hunter on June 8, 2023.
             Was an Initiate of Okawaru.
             Slain by Duvessa
             ... wielding a +0 short sword
              (8 damage)
             ... on level 6 of the Dungeon.
             The game lasted 00:01:48 (4190 turns).

qw the Skirmisher (Minotaur Hunter)                 Turns: 4190, Time: 00:01:48

Health: -3/63      AC:  6    Str: 16    XL:     7   Next: 96%
Magic:  3/6        EV: 15    Int:  6    God:    Okawaru [......]
Gold:   354        SH:  0    Dex: 15    Spells: 6/6 levels left

rFire   + . .        Y - +2 shortbow
rCold   . . .        (shield currently unavailable)
rNeg    . . .        g - +0 leather armour {rPois}
rPois   +            (helmet restricted)
rElec   .            k - +0 cloak
rCorr   .            (no gloves)
SInv    +            c - +0 pair of boots of Cynicism {SInv}
Will    .....        (no amulet)
Stlth   +++          m - ring of protection from fire
HPRegen 0.30/turn    (no ring)
MPRegen 0.10/turn

%: random rage (3%)
@: about to teleport, heroic
A: horns 2, retaliatory headbutt, berserk 1, subdued magic 1
a: Renounce Religion


You were on level 6 of the Dungeon.
You worshipped Okawaru.
Okawaru was noncommittal.
You visited 1 branch of the dungeon, and saw 6 of its levels.

You collected 354 gold pieces.


Innate Abilities, Weirdness & Mutations

You have a pair of horns on your head.
You reflexively headbutt those who attack you in melee.
You sometimes lose your temper in combat.
Your spells are a little easier to cast, but a little less powerful.


   Skills:
 - Level 6.3(11.3) Fighting
 + Level 9.2(14.2) Ranged Weapons
 - Level 1.0(6.0) Armour
 - Level 3.0(8.0) Dodging
 - Level 0.7(5.7) Stealth
 - Level 0.8 Invocations


You had 6 spell levels left.
You didn't know any spells.
Your spell library was empty.

Inventory:

Hand Weapons
 Y - a +2 shortbow (weapon)
Armour
 c - the +0 pair of boots of Cynicism (worn) {SInv}
   (You acquired it on level 3 of the Dungeon)

   SInv:      It lets you see invisible.
 g - a +0 leather armour of poison resistance (worn)
 i - a +0 ring mail
 k - a +0 cloak (worn)
Jewellery
 h - a ring of poison resistance
 m - a ring of protection from fire (left hand)
Scrolls
 b - a scroll of identify
 d - a scroll of immolation {unknown}
Potions
 a - a potion of curing
 e - 2 potions of brilliance {unknown}
 f - 2 potions of heal wounds {unknown}
 j - a potion of might
 l - a potion of ambrosia {unknown}

Dungeon Overview and Level Annotations

Branches:
Dungeon (6/15)
 Temple: D:4-7

Altars:
Okawaru
Uskayaw
Zin

Annotations:
D:6 Duvessa


Message History

The arrow hits Duvessa but does no damage.
You shoot an arrow. The arrow hits Duvessa!
Duvessa is lightly wounded.
You shoot an arrow. The arrow hits Duvessa.
Duvessa is moderately wounded.
You shoot an arrow. The arrow hits Duvessa.
Duvessa is moderately wounded.
Duvessa misses you.
You shoot an arrow.
The arrow hits Duvessa but does no damage.
Duvessa is moderately wounded.
Duvessa hits you but does no damage.
You shoot an arrow. The arrow hits Duvessa.
Duvessa is moderately wounded.
Duvessa barely misses you.
You shoot an arrow.
The arrow hits Duvessa but does no damage.
Duvessa is moderately wounded.
Duvessa hits you with a +0 short sword.
You shoot an arrow.
The arrow hits Duvessa but does no damage.
Duvessa is moderately wounded.
You feel like a meek peon again. Duvessa hits you with a +0 short sword!
4187 ||| INVOKING Heroism.
You gain the combat prowess of a mighty hero.
You can no longer gain great but temporary skills.
Duvessa hits you with a +0 short sword! Duvessa hits you with a +0 short sword.
You shoot an arrow. The arrow hits Duvessa!
Duvessa is heavily wounded.
Duvessa hits you with a +0 short sword!
4189 ||| READING scroll of teleportation.
As you read the scroll of teleportation, it crumbles to dust.
You feel strangely unstable. Duvessa hits you with a +0 short sword!
You shoot an arrow.
The arrow hits Duvessa but does no damage.
Duvessa is heavily wounded.
Duvessa hits you with a +0 short sword!
You die...

## $. ###. ... ##
#.#.
.#####..##########
...)..e@.........#
..####.#########.#
#. ... #....# ..
...##....##.# ...
..........#.# ###.
#.........#.# ..
##.......#.## ##
###.)..#...##
....# #.........#


You could see Duvessa (berserk, fast).

Vanquished Creatures
  A black bear (D:4)
  2 ice beasts
  A phantom (D:5)
  A kobold brigand (D:3)
  A bullfrog (D:6)
  2 scorpions
  Dowan (D:6)
  2 orc priests (D:4)
  3 hounds
  An orc wizard (D:6)
  4 adders
  2 worms
  3 dart slugs
  14 orcs
  6 bats
  10 endoplasms
  2 giant cockroaches
  8 goblins
  9 hobgoblins
  7 jackals
  A quokka (D:3)
  11 ball pythons
  5 frilled lizards
  7 kobolds
  6 rats
110 creatures vanquished.

Notes
Turn   | Place    | Note
-------+----------+-------------------------------------------
     0 | D:1      | qw the Minotaur Hunter began the quest for the Orb.
     0 | D:1      | Reached XP level 1. HP: 18/18 MP: 0/0
     0 | D:1      | 0 ||| qw: Version: 0.2-a-120-gdf1a93b
     0 | D:1      | 0 ||| qw: Game counter: 3013
     0 | D:1      | 0 ||| qw: Always use a shield: true
     0 | D:1      | 0 ||| qw: God list: Okawaru
     0 | D:1      | 0 ||| qw: Allow faded altars: false
     0 | D:1      | 0 ||| qw: Do Orc after D:15 true
     0 | D:1      | 0 ||| qw: Do second Lair branch before Depths: true
     0 | D:1      | 0 ||| qw: Lair rune preference: random
     0 | D:1      | 0 ||| qw: Plans: Normal
     0 | D:1      | 0 ||| PLANNING D:1-11
    24 | D:1      | 24 ||| FLEEEEING.
    25 | D:1      | 25 ||| FLEEEEING.
    27 | D:1      | 27 ||| FLEEEEING.
   272 | D:1      | Reached XP level 2. HP: 25/25 MP: 1/1
   309 | D:1      | Reached skill level 5 in Ranged Weapons
   358 | D:1      | Reached skill level 3 in Fighting
   361 | D:1      | You fall into a shaft and drop 1 floor!
   426 | D:2      | 426 ||| READING scroll labelled NOPEUROMIA.
   427 | D:2      | 427 ||| DROPPING scroll of butterflies.
   429 | D:2      | 429 ||| Stepping ~*~*~tactically~*~*~ (cloud).
   435 | D:2      | HP: 6/26 [poisoned by you (poison gas)]
   536 | D:2      | 536 ||| STAIRDANCE
   547 | D:1      | 547 ||| FLEEEEING.
   548 | D:1      | 548 ||| FLEEEEING.
   607 | D:1      | Reached XP level 3. HP: 31/31 MP: 2/2
   945 | D:1      | 945 ||| READING scroll labelled HIOSONWAHAWA.
  1544 | D:2      | 1544 ||| UPGRADING to +0 leather armour of poison
                  | resistance.
  1554 | D:2      | 1554 ||| DROPPING +0 leather armour.
  1555 | D:2      | 1555 ||| UPGRADING to +0 cloak.
  1560 | D:2      | 1560 ||| READING scroll labelled ASHENY NIBRY.
  1561 | D:2      | 1561 ||| READING 3 scrolls labelled MEUBOX GY GIA.
  1562 | D:2      | 1562 ||| READING scroll labelled FEHIMU HYLUD.
  1563 | D:2      | 1563 ||| DRINKING 2 metallic puce potions.
  1563 | D:2      | Gained mutation: You are strong-willed. (Will+) [potion of
                  | mutation]
  1563 | D:2      | Gained mutation: Potions are less effective at restoring
                  | your health. [potion of mutation]
  1564 | D:2      | 1564 ||| DRINKING potion of mutation.
  1564 | D:2      | Lost mutation: You are strong-willed. (Will+) [potion of
                  | mutation]
  1564 | D:2      | Lost mutation: Potions are less effective at restoring your
                  | health. [potion of mutation]
  1564 | D:2      | Gained mutation: Your spells are a little easier to cast,
                  | but a little less powerful. [potion of mutation]
  1564 | D:2      | Gained mutation: You sometimes lose your temper in combat.
                  | [potion of mutation]
  1565 | D:2      | 1565 ||| READING 2 scrolls of identify.
  1565 | D:2      | 1565 ||| IDENTIFYING black potion
  1566 | D:2      | 1566 ||| DROPPING potion of enlightenment.
  1676 | D:3      | Reached XP level 4. HP: 38/38 MP: 3/3
  1844 | D:3      | Reached skill level 6 in Ranged Weapons
  2128 | D:3      | Reached skill level 1 in Armour
  2129 | D:3      | Found a hide-covered altar of Uskayaw.
  2399 | D:3      | 2399 ||| READING scroll labelled KOTAULI UMET.
  2400 | D:3      | 2400 ||| READING scroll labelled WER ROATIS.
  2400 | D:3      | Identified a scroll of acquirement
  2400 | D:3      | 2400 ||| ACQUIRING +0 pair of boots of Cynicism {SInv}
  2400 | D:3      | Acquired the +0 pair of boots of Cynicism {SInv}
  2402 | D:3      | 2402 ||| UPGRADING to +0 pair of boots of Cynicism {SInv}.
  2407 | D:3      | 2407 ||| READING scroll labelled WEIRUNA ANNEFU.
  2408 | D:3      | 2408 ||| READING 2 scrolls of identify.
  2408 | D:3      | 2408 ||| IDENTIFYING fuming dark potion
  2409 | D:3      | 2409 ||| DROPPING potion of degeneration.
  2444 | D:4      | Noticed a kobold brigand
  2446 | D:4      | 2446 ||| Stepping ~*~*~tactically~*~*~ (outnumbered).
  2455 | D:4      | 2455 ||| FLEEEEING.
  2456 | D:4      | 2456 ||| STAIRDANCE
  2544 | D:4      | 2544 ||| STAIRDANCE
  2551 | D:3      | Killed a kobold brigand
  2552 | D:3      | Reached XP level 5. HP: 23/47 MP: 4/4
  2645 | D:4      | Noticed a black bear
  2655 | D:4      | Killed a black bear
  2657 | D:4      | HP: 7/47 [orc priest/divine providence (11)]
  2661 | D:4      | Reached skill level 7 in Ranged Weapons
  2661 | D:4      | Reached XP level 6. HP: 9/53 MP: 5/5
  2662 | D:4      | HP: 6/53 [orc priest/+0 club (4)]
  2844 | D:4      | 2844 ||| READING scroll of enchant weapon.
  2844 | D:4      | 2844 ||| ENCHANTING +1 shortbow.
  3268 | D:4      | Reached skill level 8 in Ranged Weapons
  3279 | D:4      | 3279 ||| UPGRADING to ring of protection from fire.
  3280 | D:4      | 3280 ||| READING scroll labelled YPRITE UTTALO.
  3285 | D:4      | 3285 ||| READING scroll labelled WUOPLAURRU.
  3296 | D:5      | Entered Level 5 of the Dungeon
  3319 | D:5      | Reached XP level 7. HP: 53/61 MP: 6/6
  3370 | D:5      | Reached skill level 3 in Dodging
  3489 | D:5      | Found an iron altar of Okawaru.
  3490 | D:5      | 3490 ||| PLANNING OKAWARU WORSHIP
  3490 | D:5      | 3490 ||| DRINKING 2 bubbling purple potions.
  3512 | D:5      | Became a worshipper of Warmaster Okawaru
  3512 | D:5      | 3512 ||| PLANNING D:1-11
  3899 | D:5      | Found a glowing silver altar of Zin.
  3910 | D:5      | 3910 ||| READING 3 scrolls of identify.
  3910 | D:5      | 3910 ||| IDENTIFYING amethyst potion
  3911 | D:5      | 3911 ||| READING 2 scrolls of identify.
  3911 | D:5      | 3911 ||| IDENTIFYING orange potion
  3912 | D:5      | 3912 ||| DROPPING potion of lignification.
  3970 | D:6      | 3970 ||| STAIRDANCE
  4082 | D:6      | Reached skill level 9 in Ranged Weapons
  4130 | D:6      | Reached * piety under Okawaru
  4131 | D:6      | Reached skill level 6 in Fighting
  4172 | D:6      | Noticed Dowan
  4173 | D:6      | 4173 ||| INVOKING Heroism.
  4173 | D:6      | Noticed Duvessa
  4178 | D:6      | Killed Dowan
  4187 | D:6      | 4187 ||| INVOKING Heroism.
  4188 | D:6      | HP: 13/63 [Duvessa/+0 short sword (12)]
  4189 | D:6      | 4189 ||| READING scroll of teleportation.
  4189 | D:6      | HP: 5/63 [Duvessa/+0 short sword (8)]
  4190 | D:6      | Slain by Duvessa

Levels and vault maps discovered:
D:1:      giann_forest_graveyard, layout_basic
D:2:      kennysheep_six_static_rooms, layout_basic, minmay_misc_feat_rows,
          kennysheep_generic_room_6
D:3:      layout_loops_corners, nicolae_uskayaw_murder_on_the_dancefloor,
          serial_bayou_crossing
D:4:      layout_gridville, minivault_27, kennysheep_generic_room_11
D:5:      layout_loops_ring, okawaru_trees_2, zin_academy, serial_glass,
          glass_columns_c, glass_columns_a, item_on_display_a, item_on_display_a
D:6:      layout_loops_ring, minmay_temple_entry_nine_rooms,
          minmay_crystal_water, nicolae_underground_beach, uniq_eustachio,
          uniq_duvessa, uniq_crazy_yiuf_cottage

Skill      XL: |  1  2  3  4  5  6  7 |
---------------+----------------------+-----
Ranged Weapons | 5 6 7 8 9 |  9.2
Fighting       | 3 4 5 6 |  6.3
Armour         | 1 |  1.0
Dodging        | 3 |  3.0
Stealth        | |  0.7
Invocations    | |  0.8

Action                     |  1- 3 |  4- 6 |  7- 9 || total
---------------------------+-------+-------+-------++-------
   Fire: Shortbow          |   156 |   157 |    81 ||   394
 Invoke: Heroism           |       |       |     2 ||     2
    Use: Scroll            |     6 |     7 |     3 ||    16
         Potion            |     2 |       |     1 ||     3
 Armour: Leather armour    |     8 |    18 |    13 ||    39
  Dodge: Dodged            |    24 |    41 |    20 ||    85

Table legend:
 A = Non-vault XP
 B = Vault XP
 C = Vault XP percentage of total XP
 D = Non-vault monster count
 E = Vault monster count
 F = Vault count percentage of total count
                 A         B        C        D         E       F
            +---------+---------+-------+---------+---------+-------
      Total |    1299 |     103 |   7.3 |     100 |      10 |   9.1
            +---------+---------+-------+---------+---------+-------
        D:1 |      52 |       0 |   0.0 |      30 |       0 |   0.0
        D:2 |      27 |      15 |  35.7 |      18 |       8 |  30.8
        D:3 |     134 |       0 |   0.0 |      14 |       0 |   0.0
        D:4 |     444 |      13 |   2.8 |      24 |       1 |   4.0
        D:5 |     333 |       0 |   0.0 |       6 |       0 |   0.0
        D:6 |     309 |      75 |  19.5 |       8 |       1 |  11.1
            +---------+---------+-------+---------+---------+-------
